[Event "December 12 Late 2023"]
[Site "https://www.chess.com"]
[Date "2023.12.12"]
[Round "3"]
[White "Chylewski, Patryk"]
[Black "Durarbayli, Vasif"]
[Result "0-1"]
[Board "49"]
[TimeControl "180+1"]
[WhiteFideId "1186191"]
[BlackFideId "13402935"]
[WhiteElo "2514"]
[BlackElo "2905"]
[WhiteTeam "POL"]
[BlackTeam "AZE"]
[WhiteClock "0:00:02"]
[BlackClock "0:00:20"]

1. d4 Nf6 2. c4 e6 3. Nf3 b6 4. a3 Bb7 5. Nc3 d5 6. cxd5 Nxd5 7. Qc2 Be7 8. e4 Nxc3 9. bxc3 O-O 10. Bd3 c5 11. O-O Qc7 12. Qe2 Rd8 13. Be3 Nd7 14. a4 Rac8 15. h3 Nf6 16. Nd2 h6 17. Rfb1 a5 18. g3 cxd4 19. cxd4 Bb4 20. Bf4 Qe7 21. d5 exd5 22. e5 Ne4 23. Nxe4 dxe4 24. Bxe4 Bxe4 25. Qxe4 Qe6 26. Rc1 Qxh3 27. Rc6 Rxc6 28. Qxc6 Bc5 29. Qf3 Qf5 30. Rd1 Rxd1+ 31. Qxd1 g5 32. Qd8+ Kg7 33. Be3 Bxe3 34. fxe3 Qxe5 35. Kf2 Qf6+ 36. Qxf6+ Kxf6 0-1

[Event "December 12 Late 2023"]
[Site "https://www.chess.com"]
[Date "2023.12.12"]
[Round "3"]
[White "Jimenez Almeida, Luis David"]
[Black "Rodrigue-Lemieux, Shawn"]
[Result "0-1"]
[Board "50"]
[TimeControl "180+1"]
[WhiteFideId "22242244"]
[BlackFideId "2620049"]
[WhiteElo "2513"]
[BlackElo "2882"]
[WhiteTeam "ESP"]
[BlackTeam "CAN"]
[WhiteClock "0:00:11"]
[BlackClock "0:00:39"]

1. e4 g6 2. h4 Bg7 3. h5 d5 4. exd5 Qxd5 5. Nc3 Qa5 6. d4 Nc6 7. Be3 Bf5 8. h6 Bf6 9. Bb5 O-O-O 10. Bxc6 bxc6 11. Qf3 Kb7 12. Ne2 e5 13. b4 Qa3 14. Bc1 Qa6 15. b5 Qa5 16. Qxc6+ Kb8 17. Bd2 Qb6 18. Qc4 exd4 19. Na4 Qe6 20. Qc5 d3 21. Be3 d2+ 22. Kd1 Qe4 23. f3 Qxa4 24. Bf4 Qxc2+ 25. Qxc2 Bxc2+ 26. Kxc2 Bxa1 27. Rxa1 Ne7 28. Bxd2 Nd5 29. Bg5 f6 30. Bd2 Rhe8 31. Nd4 Nb4+ 32. Kc3 Rxd4 33. Kxd4 Nc2+ 0-1

[Event "December 12 Late 2023"]
[Site "https://www.chess.com"]
[Date "2023.12.12"]
[Round "3"]
[White "Tari, Aryan"]
[Black "YurasovMat-2012"]
[Result "1-0"]
[Board "51"]
[TimeControl "180+1"]
[WhiteFideId "1510045"]
[WhiteElo "2864"]
[BlackElo "2513"]
[WhiteTeam "NOR"]
[WhiteClock "0:00:19"]
[BlackClock "0:00:01"]

1. e4 e5 2. Nf3 Nf6 3. Nxe5 d6 4. Nf3 Nxe4 5. d3 Nf6 6. d4 d5 7. Bd3 Bd6 8. Qe2+ Qe7 9. Qxe7+ Bxe7 10. Bf4 c6 11. O-O O-O 12. Re1 Re8 13. Nbd2 Bg4 14. Ne5 Be6 15. h3 Nbd7 16. Re2 a6 17. Rae1 Nxe5 18. Bxe5 Nd7 19. Bh2 c5 20. c3 Bf6 21. Nf3 Rac8 22. g4 h6 23. Bf5 Nf8 24. Bd6 cxd4 25. Nxd4 Bxd4 26. cxd4 g6 27. Bd3 Bd7 28. Kg2 Ne6 29. Be5 Bb5 30. Bxb5 axb5 31. Re3 Rc4 32. Rd1 b4 33. Rb3 Nd8 34. a3 Nc6 35. Bg3 Re2 36. axb4 Rxb4 37. Rxb4 Nxb4 38. Rc1 Nc6 39. Rc5 Rxb2 40. Rxd5 Rd2 41. Rd7 Rxd4 42. Rxb7 Rd3 43. Rc7 Nd4 44. Rc8+ Kh7 45. Be5 g5 46. Rf8 Kg6 47. Rg8+ Kh7 48. Rg7+ Kh8 49. Rxg5+ Kh7 50. Rg7+ Kh8 51. Rxf7+ Kg8 52. Rd7 Nf3 53. Rxd3 Ne1+ 54. Kg3 Nxd3 55. Bd4 Kf7 56. h4 Nc1 57. Kf3 Nb3 58. Be3 Kg6 59. h5+ Kg7 60. Ke4 Na5 61. f4 Nb7 62. Ke5 Nd8 63. Bd4 Kf7 64. Kf5 Nc6 65. Bf6 Nb8 66. g5 hxg5 67. fxg5 Nc6 68. g6+ Kf8 69. h6 Nb4 70. h7 1-0

[Event "December 12 Late 2023"]
[Site "https://www.chess.com"]
[Date "2023.12.12"]
[Round "3"]
[White "Ismayil, Malak"]
[Black "Maksimovic, Bojan"]
[Result "1-0"]
[Board "52"]
[TimeControl "180+1"]
[WhiteFideId "13412604"]
[BlackFideId "14408120"]
[WhiteElo "2508"]
[BlackElo "2862"]
[WhiteTeam "AZE"]
[BlackTeam "BIH"]
[WhiteClock "0:00:01"]
[BlackClock "0:00:00"]

1. e4 c5 2. Nf3 e6 3. c3 d5 4. exd5 Qxd5 5. d4 Nf6 6. Be3 cxd4 7. Nxd4 Nc6 8. Nd2 Nxd4 9. Bxd4 Bc5 10. Nf3 Bxd4 11. Qxd4 Qxd4 12. Nxd4 Bd7 13. Be2 Ke7 14. Bf3 Rab8 15. O-O-O Rhc8 16. Rhe1 Kf8 17. g4 b5 18. g5 Ne8 19. Nb3 Bc6 20. Bxc6 Rxc6 21. Rd7 b4 22. Re3 bxc3 23. Rxc3 Rxc3+ 24. bxc3 Rc8 25. Kb2 Rc7 26. Rxc7 Nxc7 27. Nd4 Ke8 28. c4 a6 29. Kc3 Kd7 30. Kb4 e5 31. Nf5 Ne6 32. h4 f6 33. gxf6 gxf6 34. Ka5 Kc6 35. Kxa6 Nc5+ 36. Ka5 Ne4 37. f3 Nd2 38. Kb4 Nxf3 39. a4 e4 40. a5 Ne5 41. Nd4+ Kb7 42. Kb5 e3 43. c5 f5 44. a6+ Kc7 45. Ne6+ Kd7 46. Nf4 Kc8 47. Kb6 Nc4+ 48. Kc6 Ne5+ 49. Kd5 Nf3 50. Kc6 Ne5+ 51. Kd6 Ng6 52. Ne2 f4 53. c6 1-0

[Event "December 12 Late 2023"]
[Site "https://www.chess.com"]
[Date "2023.12.12"]
[Round "3"]
[White "Zwirs, Nico"]
[Black "Senft, Sean"]
[Result "1-0"]
[Board "53"]
[TimeControl "180+1"]
[WhiteFideId "1036432"]
[BlackFideId "2044960"]
[WhiteElo "2853"]
[BlackElo "2506"]
[WhiteTeam "NED"]
[BlackTeam "USA"]
[WhiteClock "0:00:48"]
[BlackClock "0:00:08"]

1. e4 c5 2. Nf3 d6 3. d4 cxd4 4. Nxd4 Nf6 5. Nc3 a6 6. Bg5 e6 7. f4 Qb6 8. Qd2 Nc6 9. Nb3 Ng4 10. Nd1 Bd7 11. h3 Nf6 12. Nc3 Be7 13. O-O-O O-O-O 14. Kb1 Kb8 15. Bxf6 gxf6 16. Be2 h5 17. Bf3 Rc8 18. Rhf1 Na5 19. Nxa5 Qxa5 20. Ne2 Qxd2 21. Rxd2 Bb5 22. Re1 Bxe2 23. Rexe2 h4 24. f5 Rhg8 25. Bh5 Rg7 26. Bg4 e5 27. c3 Rgg8 28. Kc2 Rc5 29. Rd3 Rd8 30. Red2 Kc7 31. Bh5 Rf8 32. Rd5 Rxd5 33. Rxd5 Rg8 34. Rd2 Rg7 35. Bg4 Kc6 36. a4 a5 37. Kd3 d5 38. exd5+ Kxd5 39. Bf3+ Kc5 40. Bxb7 Rg3+ 41. Bf3 Bf8 42. Ke4 Bd6 43. Rd5+ Kc6 44. Rxa5 Rg8 45. b4 Rc8 46. Kd3+ Kb6 47. Ra8 Rxa8 48. Bxa8 Bb8 49. Bd5 Bc7 50. c4 Bd8 51. c5+ Kc7 52. Kc4 Be7 53. a5 Kb8 54. b5 Bd8 55. b6 Be7 56. a6 1-0

[Event "December 12 Late 2023"]
[Site "https://www.chess.com"]
[Date "2023.12.12"]
[Round "3"]
[White "Rustemov, Alexander"]
[Black "Grutter, Tim"]
[Result "1/2-1/2"]
[Board "54"]
[TimeControl "180+1"]
[WhiteFideId "4119002"]
[BlackFideId "1057472"]
[WhiteElo "2827"]
[BlackElo "2506"]
[WhiteTeam "RUS"]
[BlackTeam "NED"]
[WhiteClock "0:00:15"]
[BlackClock "0:00:05"]

1. d4 d5 2. c4 e6 3. Nc3 Nf6 4. Bg5 Be7 5. e3 O-O 6. Nf3 h6 7. Bxf6 Bxf6 8. Rc1 dxc4 9. Bxc4 Nd7 10. O-O a6 11. Ne4 Be7 12. Qc2 Nf6 13. Bd3 Nxe4 14. Bxe4 Bd6 15. Rfd1 Qe7 16. Ne5 c6 17. Nd3 Bxh2+ 18. Kxh2 Qh4+ 19. Kg1 Qxe4 20. Qe2 b6 21. f3 Qd5 22. Nb4 Qd6 23. Nxc6 Bb7 24. Ne5 Rac8 25. Kf2 b5 26. Nd3 Bd5 27. Nc5 Rfd8 28. e4 Bc4 29. Qe3 e5 30. dxe5 Qxe5 31. Rxd8+ Rxd8 32. b3 Qb2+ 33. Kg3 Rd2 34. Rg1 Be6 35. a3 Re2 36. Qf4 g5 37. Qb8+ Kh7 38. Nxe6 fxe6 39. Qd6 Qf6 40. Rc1 Qf4+ 41. Qxf4 gxf4+ 42. Kxf4 Rxg2 43. Rc6 Ra2 44. Rxa6 b4 45. Ke5 Rxa3 46. Rxe6 Rxb3 47. f4 Rb1 48. f5 b3 49. Re7+ Kg8 50. Kf6 b2 51. Rg7+ Kh8 52. Rb7 Re1 53. Rxb2 Rxe4 54. Kg6 Rg4+ 55. Kf6 h5 56. Rb8+ Kh7 57. Rb7+ Kh6 58. Rb8 Kh7 59. Ke6 Re4+ 60. Kf7 Ra4 61. Rb7 h4 62. Kf6+ Kh6 63. Rb8 Kh7 64. Kg5 h3 65. Rb3 h2 66. Rh3+ Kg7 67. Rxh2 Ra6 68. Rd2 Rb6 69. Rd7+ Kf8 70. Rc7 Ra6 71. Kf4 Rb6 72. Ke5 Ra6 73. Rd7 Rb6 74. Rh7 Ra6 75. Kf4 Rb6 76. Kg5 Ra6 77. Rh8+ Kf7 78. Rb8 Rc6 79. Rb7+ Kf8 80. Rb3 Ra6 81. Re3 Rc6 82. Kf4 Ra6 83. Rd3 Kf7 84. Kg5 Rb6 85. Rd7+ Kf8 86. Rc7 Ra6 87. Rh7 Rb6 88. Ra7 Rc6 89. Ra5 Kf7 90. Kf4 Rb6 91. Ke5 Rc6 92. Ra7+ Kf8 93. Kd5 Rb6 94. Ke5 Rc6 95. Rb7 Ra6 96. Rc7 Rb6 97. Kf4 Ra6 98. Kg5 Rb6 99. f6 Rb1 100. Rc8+ Kf7 101. Rc7+ Kf8 102. Rc5 Rg1+ 103. Kf5 Rf1+ 104. Ke6 Re1+ 105. Re5 Rxe5+ 106. Kxe5 Kf7 107. Kf5 Kf8 108. Kg6 Kg8 109. f7+ Kf8 110. Kf6 1/2-1/2

[Event "December 12 Late 2023"]
[Site "https://www.chess.com"]
[Date "2023.12.12"]
[Round "3"]
[White "Wartiovaara, Oliver"]
[Black "Hong, Andrew"]
[Result "0-1"]
[Board "55"]
[TimeControl "180+1"]
[WhiteFideId "513024"]
[BlackFideId "2099438"]
[WhiteElo "2503"]
[BlackElo "2826"]
[WhiteTeam "FIN"]
[BlackTeam "USA"]
[WhiteClock "0:00:14"]
[BlackClock "0:01:08"]

1. d4 Nf6 2. Nf3 d5 3. e3 c5 4. dxc5 e6 5. b4 a5 6. c3 axb4 7. cxb4 b6 8. Bb5+ Bd7 9. Bxd7+ Nbxd7 10. a4 bxc5 11. b5 g5 12. Bb2 g4 13. Nfd2 Rg8 14. e4 dxe4 15. Qe2 Qa5 16. Nc3 Qb4 17. Ndxe4 Bg7 18. Nd6+ Kf8 19. O-O Nd5 20. Nxd5 Qxb2 21. Qxg4 Be5 22. Qe4 Bxd6 23. Ne3 Nb6 24. a5 Qe5 25. Qxe5 Bxe5 26. Ra4 Nxa4 0-1

[Event "December 12 Late 2023"]
[Site "https://www.chess.com"]
[Date "2023.12.12"]
[Round "3"]
[White "Holt, Conrad"]
[Black "Shton, Roman"]
[Result "1-0"]
[Board "56"]
[TimeControl "180+1"]
[WhiteFideId "2034387"]
[BlackFideId "14137461"]
[WhiteElo "2799"]
[BlackElo "2502"]
[WhiteTeam "USA"]
[BlackTeam "UKR"]
[WhiteClock "0:01:06"]
[BlackClock "0:01:20"]

1. d4 Nf6 2. c4 e6 3. Nc3 Bb4 4. Qc2 O-O 5. e4 d6 6. a3 Bxc3+ 7. bxc3 c5 8. e5 dxe5 9. dxe5 Ng4 10. Nf3 Nc6 11. Bf4 f5 12. Rd1 Qc7 13. Qc1 Qa5 14. Be2 a6 15. O-O b5 16. h3 Nh6 17. Bxh6 gxh6 18. Qxh6 Qc7 19. cxb5 axb5 20. Bxb5 Nxe5 21. Nxe5 Qxe5 22. Rd3 f4 23. Rfd1 Ba6 24. Bxa6 Rxa6 25. Rd8 Ra8 26. Qxf8# 1-0

[Event "December 12 Late 2023"]
[Site "https://www.chess.com"]
[Date "2023.12.12"]
[Round "3"]
[White "Matinian, Nikita"]
[Black "Herman, Matthew"]
[Result "1-0"]
[Board "57"]
[TimeControl "180+1"]
[WhiteFideId "24129100"]
[BlackFideId "2028964"]
[WhiteElo "2776"]
[BlackElo "2501"]
[WhiteTeam "FID"]
[BlackTeam "USA"]
[WhiteClock "0:00:28"]
[BlackClock "0:00:02"]

1. e4 e5 2. Nf3 Nc6 3. Bc4 Nf6 4. d3 Be7 5. O-O O-O 6. h3 d6 7. a4 a5 8. c3 Be6 9. Nbd2 h6 10. Bxe6 fxe6 11. Qb3 Qc8 12. Nc4 Nh5 13. d4 Rxf3 14. gxf3 exd4 15. cxd4 Nxd4 16. Qd3 e5 17. f4 Ne6 18. f5 Nef4 19. Bxf4 Nxf4 20. Qf3 Qe8 21. Kh1 Qf7 22. Ne3 c6 23. Rg1 Bg5 24. Qg4 Rd8 25. h4 Bf6 26. Ng2 Nd3 27. Qe2 Nc5 28. Ne3 d5 29. Ng4 Kh8 30. exd5 cxd5 31. Nxe5 Bxe5 32. Qxe5 Ne4 33. Rg6 Nf6 34. Rag1 Rg8 35. R1g3 Qf8 36. Kg2 Qe8 37. Qxe8 Rxe8 38. Rxg7 Nh5 39. Rxb7 Nxg3 40. fxg3 Re2+ 41. Kf3 Re4 42. b3 h5 43. Rb5 Rb4 44. Rxb4 1-0

[Event "December 12 Late 2023"]
[Site "https://www.chess.com"]
[Date "2023.12.12"]
[Round "3"]
[White "Kozak, Antoni"]
[Black "Kovalevsky, Stanislav"]
[Result "1-0"]
[Board "58"]
[TimeControl "180+1"]
[WhiteFideId "21832030"]
[BlackFideId "13508598"]
[WhiteElo "2761"]
[BlackElo "2489"]
[WhiteTeam "POL"]
[BlackTeam "FID"]
[WhiteClock "0:00:19"]
[BlackClock "0:00:36"]

1. Nf3 c6 2. e4 d5 3. d3 dxe4 4. dxe4 Qxd1+ 5. Kxd1 Bg4 6. Be2 Nd7 7. Ne1 Bxe2+ 8. Kxe2 Ngf6 9. f3 e6 10. Nd3 O-O-O 11. Be3 Kb8 12. Nd2 Ne8 13. Nc4 f6 14. Nf4 Nc7 15. Rhd1 Be7 16. a4 Nc5 17. b3 Rxd1 18. Rxd1 Rd8 19. Rxd8+ Bxd8 20. Bxc5 e5 21. Nd3 b5 22. axb5 cxb5 23. Nd6 Ne6 24. Nxb5 a6 25. Na3 Kb7 26. Nc4 Kc6 27. Be3 Kb5 28. Nd6+ Kc6 29. Nc4 Kb5 30. g4 a5 31. Na3+ Kc6 32. c4 Be7 33. Nb5 g6 34. h3 Bf8 35. Na7+ Kb7 36. Nb5 Kc6 37. h4 Kb7 38. Nc3 Kc6 39. Na4 Ba3 40. Ndc5 Bxc5 41. Bxc5 Nxc5 42. Nxc5 Kxc5 43. g5 fxg5 44. hxg5 Kb4 45. Kd3 Ka3 46. Kc3 a4 47. b4 Ka2 48. b5 a3 49. b6 h6 50. b7 hxg5 51. b8=Q g4 52. Qb3+ Ka1 53. Kc2 a2 54. Qb4 g3 55. Qb5 g2 56. Qb6 g5 57. Qg1# 1-0

[Event "December 12 Late 2023"]
[Site "https://www.chess.com"]
[Date "2023.12.12"]
[Round "3"]
[White "ChessSG1"]
[Black "Fier, Alexandr"]
[Result "0-1"]
[Board "59"]
[TimeControl "180+1"]
[BlackFideId "2107139"]
[WhiteElo "2488"]
[BlackElo "2726"]
[BlackTeam "BRA"]
[WhiteClock "0:00:01"]
[BlackClock "0:01:42"]

1. Nf3 Nf6 2. c4 g6 3. g3 Bg7 4. Bg2 O-O 5. O-O d6 6. Nc3 e5 7. d4 e4 8. Ng5 Nc6 9. d5 Ne5 10. Ngxe4 Nxe4 11. Nxe4 Nxc4 12. Qc2 Ne5 13. Bg5 f6 14. Bd2 Bf5 15. Qb3 Nd7 16. Nc3 Nc5 17. Qd1 Re8 18. Rc1 a5 19. b3 Qd7 20. Be3 Rxe3 21. fxe3 Re8 22. e4 Bg4 23. Qd2 b6 24. Bf3 Bh3 25. Bg2 h5 26. Qf4 Kh7 27. Qh4 Bg4 28. Bf3 Bh3 29. Bg2 Bxg2 30. Kxg2 Re5 31. Rcd1 Qe7 32. Rd4 f5 33. Qxe7 Rxe7 34. Rdd1 Bxc3 35. exf5 Rxe2+ 36. Kf3 Rxh2 37. fxg6+ Kxg6 38. Ke3 Be5 39. Rf3 Rxa2 40. Rdf1 Rb2 41. Rf7 Rxb3+ 42. Kd2 Rb2+ 43. Kc1 Nb3+ 44. Kd1 Rd2+ 45. Ke1 Bxg3+ 0-1

[Event "December 12 Late 2023"]
[Site "https://www.chess.com"]
[Date "2023.12.12"]
[Round "3"]
[White "Gasparyan, David"]
[Black "Wafa, Hamed"]
[Result "1-0"]
[Board "60"]
[TimeControl "180+1"]
[WhiteFideId "13311980"]
[BlackFideId "10628452"]
[WhiteElo "2487"]
[BlackElo "2692"]
[WhiteTeam "USA"]
[BlackTeam "EGY"]
[WhiteClock "0:01:48"]
[BlackClock "0:00:13"]

1. Nf3 Nf6 2. g3 g6 3. Bg2 Bg7 4. O-O O-O 5. c4 d6 6. Nc3 c5 7. d4 cxd4 8. Nxd4 Nc6 9. Nxc6 bxc6 10. Qa4 Bd7 11. Rd1 Qc7 12. Bf4 c5 13. Qc2 Rab8 14. b3 Bc6 15. e4 e5 16. Bg5 Nd7 17. Be7 Qa5 18. Bxd6 Nf6 19. Bxb8 Rxb8 20. Rd6 Be8 21. Rad1 Nh5 22. Qd3 Bf6 23. Nd5 Bg5 24. h4 Bh6 25. Ne7+ Kf8 26. Nc6 Bxc6 27. Rxc6 Ng7 28. Qd6+ 1-0

[Event "December 12 Late 2023"]
[Site "https://www.chess.com"]
[Date "2023.12.12"]
[Round "3"]
[White "Wu, Derek"]
[Black "Rangel, Daniel"]
[Result "1-0"]
[Board "61"]
[TimeControl "180+1"]
[WhiteFideId "30914558"]
[BlackFideId "2124475"]
[WhiteElo "2684"]
[BlackElo "2487"]
[WhiteTeam "USA"]
[BlackTeam "BRA"]
[WhiteClock "0:00:20"]
[BlackClock "0:00:05"]

1. e4 c5 2. Nf3 g6 3. d4 cxd4 4. Qxd4 Nf6 5. Nc3 Nc6 6. Qa4 d6 7. e5 dxe5 8. Nxe5 Bd7 9. Nxd7 Nxd7 10. Bb5 Bg7 11. O-O O-O 12. Be3 Nb6 13. Qa3 Ne5 14. Rad1 Qc7 15. Qb3 e6 16. h3 Nec4 17. Bd4 Bxd4 18. Rxd4 Rad8 19. Rxc4 Nxc4 20. Bxc4 a6 21. a4 Rd4 22. Bd3 Rfd8 23. Ne2 R4d6 24. Qc3 Qxc3 25. Nxc3 f5 26. f4 Kf7 27. Kf2 Kf6 28. Re1 Rc8 29. Kf3 h6 30. Nd1 Rd4 31. b3 g5 32. g3 Rc5 33. Bc4 e5 34. fxe5+ Rxe5 35. Rxe5 Kxe5 36. Bd3 f4 37. Nf2 fxg3 38. Ng4+ Kd5 39. Kxg3 h5 40. Nf6+ Ke5 41. Nxh5 Rb4 42. Ng7 b5 43. axb5 axb5 44. Nf5 Rf4 45. Ne3 b4 46. Ng2 Rd4 47. Kf3 Kf6 48. Ke3 Rd6 49. Ke4 Rd8 50. Ne3 Rh8 51. Bf1 Ke6 52. Kd4 Rh4+ 53. Kc5 Ke5 54. Nc4+ Ke4 55. Kxb4 Kf3 56. Kc5 Kf2 57. Nd2 Ke1 58. Nf3+ Kxf1 59. Nxh4 gxh4 60. b4 Kg2 61. b5 Kxh3 62. b6 Kg2 63. b7 h3 64. b8=Q h2 65. Qxh2+ Kxh2 66. c4 Kg3 67. Kd6 Kf4 68. c5 Kf5 69. c6 1-0

[Event "December 12 Late 2023"]
[Site "https://www.chess.com"]
[Date "2023.12.12"]
[Round "3"]
[White "Cervantes Landeiro, Thalia"]
[Black "Nagare Kaivalya Sandip"]
[Result "1-0"]
[Board "62"]
[TimeControl "180+1"]
[WhiteFideId "3520498"]
[BlackFideId "25957929"]
[WhiteElo "2481"]
[BlackElo "2677"]
[WhiteTeam "USA"]
[BlackTeam "IND"]
[WhiteClock "0:00:06"]
[BlackClock "0:00:06"]

1. d4 Nf6 2. c4 g6 3. Nc3 Bg7 4. e4 d6 5. Nf3 O-O 6. Be2 e5 7. O-O Nc6 8. d5 Ne7 9. b4 a5 10. bxa5 Rxa5 11. a4 c5 12. Bd2 Ra6 13. Re1 Nh5 14. Ra3 Nf4 15. Bf1 f5 16. Bxf4 exf4 17. e5 h6 18. Nb5 dxe5 19. Nxe5 g5 20. d6 Nc6 21. Qd5+ Kh7 22. Nd3 Nd4 23. Nxc5 Nxb5 24. cxb5 Rxd6 25. Qf3 Rd2 26. Rd3 Qa5 27. Rxd2 Qxd2 28. Rd1 Qc2 29. Nb3 Re8 30. Rc1 Qb2 31. h3 Be6 32. Re1 Re7 33. Nc5 Qb4 34. Rxe6 Qxc5 35. Rxe7 Qxe7 36. Qd5 Qf6 37. a5 g4 38. hxg4 fxg4 39. Bd3+ Kh8 40. Qe4 Kg8 41. Qe8+ Bf8 42. Bc4+ Kg7 43. Qd7+ Kh8 44. Qxb7 f3 45. Qe4 Qa1+ 46. Kh2 Bd6+ 47. g3 Qf6 48. Bd3 Kg7 49. Qb7+ Kf8 50. Qe4 Qh4+ 51. Kg1 Bxg3 52. Qf5+ Ke7 53. Qe4+ Kf6 54. Qd4+ Be5 55. Qd8+ Ke6 56. Qxh4 g3 57. Qg4+ Kd5 58. fxg3 Bd4+ 59. Kf1 f2 60. Qe4+ Kc5 61. Qf5+ Kb4 62. Qd5 Kc3 63. Qc4+ 1-0

[Event "December 12 Late 2023"]
[Site "https://www.chess.com"]
[Date "2023.12.12"]
[Round "3"]
[White "Novikova, Galina"]
[Black "Karttunen, Mika"]
[Result "1-0"]
[Board "63"]
[TimeControl "180+1"]
[WhiteFideId "4157095"]
[BlackFideId "502081"]
[WhiteElo "2478"]
[BlackElo "2659"]
[WhiteTeam "RUS"]
[BlackTeam "FIN"]
[WhiteClock "0:00:07"]
[BlackClock "0:00:05"]

1. e4 e5 2. Nf3 Nc6 3. d4 exd4 4. Nxd4 Nf6 5. Bb5 Bc5 6. Nb3 Be7 7. Nc3 O-O 8. O-O d6 9. Kh1 a6 10. Be2 b5 11. f4 b4 12. Nd5 Nxe4 13. Bf3 f5 14. Nxe7+ Nxe7 15. Bxe4 fxe4 16. Qd4 c5 17. Qxe4 Bf5 18. Qe2 Kh8 19. Be3 Qc7 20. Rad1 Be4 21. Bxc5 Bxg2+ 22. Qxg2 dxc5 23. Rg1 Nf5 24. Qf3 Rad8 25. Rxd8 Rxd8 26. Nc1 c4 27. Ne2 Re8 28. Ng3 Nh4 29. Qd5 Rd8 30. Qe4 a5 31. f5 Rf8 32. Qxh4 c3 33. b3 Qc6+ 34. Qe4 Qf6 35. Nh5 Qxf5 36. Qxf5 Rxf5 37. Rd1 h6 38. Ng3 Rf1+ 39. Rxf1 1-0

[Event "December 12 Late 2023"]
[Site "https://www.chess.com"]
[Date "2023.12.12"]
[Round "3"]
[White "Solon, Nathan"]
[Black "Gutierrez Olivares, Daniel"]
[Result "1-0"]
[Board "64"]
[TimeControl "180+1"]
[WhiteFideId "2017229"]
[BlackFideId "2264005"]
[WhiteElo "2652"]
[BlackElo "2477"]
[WhiteTeam "USA"]
[BlackTeam "ESP"]
[WhiteClock "0:00:03"]
[BlackClock "0:00:00"]

1. d4 e6 2. Bf4 Nf6 3. e3 b6 4. Qf3 Nc6 5. Nc3 Bb7 6. O-O-O Qc8 7. e4 a6 8. d5 Ne7 9. Nh3 Ng6 10. Bg5 Be7 11. Qe2 h6 12. Be3 Bb4 13. Qc4 a5 14. Nb5 c6 15. dxc6 Bxc6 16. f3 O-O 17. a3 Be7 18. Nd6 Qb8 19. Qd4 Ne8 20. Nxe8 Rxe8 21. Qxb6 Qc8 22. Nf4 Ba4 23. Bd3 Ne5 24. Qd4 Nxd3+ 25. Qxd3 Qc7 26. Nh5 Rec8 27. Rd2 Rab8 28. Qd4 f6 29. Qxa4 Qb7 30. Bd4 e5 31. Bc3 Rxc3 32. b3 Rbc8 33. Kb1 Kh7 34. Qxd7 R8c7 35. Qd5 Qc8 36. Rc1 a4 37. Qf7 Bxa3 38. Nxf6+ Kh8 39. Qg6 gxf6 40. Qxh6+ Kg8 41. Qg6+ Rg7 42. Qxf6 axb3 43. Rd8+ Qxd8 44. Qxd8+ Kh7 45. Qh4+ Kg8 46. Qd8+ Kf7 47. Qd5+ Kf6 48. f4 Re7 49. fxe5+ Rxe5 50. Qd4 bxc2+ 51. Rxc2 Rb3+ 52. Ka2 Bd6 53. Kxb3 Ke7 54. Qxe5+ Bxe5 55. h3 Ke6 56. Rf2 Bf4 57. Rxf4 1-0

[Event "December 12 Late 2023"]
[Site "https://www.chess.com"]
[Date "2023.12.12"]
[Round "3"]
[White "Kokoszczynski, Jan"]
[Black "Rodriguez Fontecha, Marcos"]
[Result "1/2-1/2"]
[Board "65"]
[TimeControl "180+1"]
[WhiteFideId "1174460"]
[BlackFideId "2256576"]
[WhiteElo "2637"]
[BlackElo "2472"]
[WhiteTeam "POL"]
[BlackTeam "ESP"]
[WhiteClock "0:00:17"]
[BlackClock "0:00:21"]

1. e4 e6 2. d3 d5 3. Nd2 Nf6 4. e5 Nfd7 5. Ngf3 f6 6. exf6 Qxf6 7. g3 Bc5 8. Bg2 O-O 9. O-O e5 10. d4 exd4 11. Nb3 Bb6 12. Nbxd4 c6 13. c3 Na6 14. b3 Nac5 15. Bb2 Ne4 16. c4 Qf7 17. cxd5 cxd5 18. Rc1 a6 19. Qc2 Ndf6 20. h3 Re8 21. Qd3 Bd7 22. a4 Qg6 23. Rc2 Rac8 24. Rfc1 Rxc2 25. Rxc2 Nc5 26. Qxg6 hxg6 27. a5 Ba7 28. b4 Nd3 29. Bc3 Ne4 30. Bd2 Ba4 31. Ra2 Bd1 32. Be3 Nxg3 33. Rd2 Bxf3 34. Bxf3 Nxb4 35. Rb2 Bc5 36. Kg2 Ne4 37. Bg4 Nf6 38. Bf3 Nc6 39. Nxc6 Bxe3 40. Nb4 Bd4 41. Rb3 Rd8 42. Rd3 Bc5 43. Nxd5 Kf8 44. Nb4 Rxd3 45. Nxd3 Bd4 46. Bxb7 Bc3 47. Bxa6 Bxa5 48. Bb7 Bc3 49. Nf4 Kf7 50. Ba6 g5 51. Bc4+ Ke8 52. Ng6 Nh5 53. Kf3 Nf4 54. Nxf4 gxf4 55. Kxf4 Bd4 56. f3 Ke7 57. Kf5 Bb2 58. Kg6 Bc3 59. Bd3 Bb2 60. Bc4 Bc3 61. Bb3 Bb2 62. Ba2 Bc3 63. Bf7 Bb2 64. Bg8 Bc3 65. Bb3 Bb2 66. h4 Bc3 67. h5 Bb2 68. Kf5 Bc3 69. Bd1 Bb2 70. f4 Bc3 71. Ke4 Bb2 72. Kf5 Ba1 73. Kg6 Bb2 74. f5 Ba1 75. Ba4 Bb2 76. Bb3 Bc3 77. Bg8 Bb2 78. Kh7 Bc3 79. Kg6 Bb2 80. f6+ Bxf6 81. h6 gxh6 82. Kxh6 1/2-1/2

[Event "December 12 Late 2023"]
[Site "https://www.chess.com"]
[Date "2023.12.12"]
[Round "3"]
[White "yaguigor"]
[Black "Jaracz, Pawel"]
[Result "0-1"]
[Board "66"]
[TimeControl "180+1"]
[BlackFideId "1102222"]
[WhiteElo "2472"]
[BlackElo "2637"]
[BlackTeam "POL"]
[WhiteClock "0:00:08"]
[BlackClock "0:00:10"]

1. e4 c5 2. Nf3 d6 3. d4 cxd4 4. Nxd4 Nf6 5. Nc3 a6 6. f3 e5 7. Nb3 Be6 8. Be3 h5 9. Qd2 Nbd7 10. Nd5 Bxd5 11. exd5 Qc7 12. Be2 g6 13. Na5 Bg7 14. O-O O-O 15. c4 h4 16. Rac1 Nh5 17. b4 b6 18. Nc6 Rae8 19. c5 bxc5 20. bxc5 Nxc5 21. Bxc5 dxc5 22. Bxa6 Nf4 23. Bb5 Qb6 24. a4 Bh6 25. Kh1 Kh7 26. g3 Nh5 27. Qf2 hxg3 28. hxg3 Bxc1 29. Rxc1 e4 30. fxe4 Rxe4 31. Qxc5 Qxc5 32. Rxc5 Nxg3+ 33. Kg2 Nf5 34. a5 Rfe8 35. a6 Rg4+ 36. Kf3 Ree4 37. a7 Ref4+ 38. Ke2 Rg2+ 39. Kd3 Rg3+ 40. Ke2 Ra3 41. Rc4 Rxc4 42. Bxc4 Nd6 43. Bd3 Nc8 44. Ke3 Nxa7 45. Nxa7 Rxa7 46. Kd4 Kg7 47. Ke5 Ra3 48. Bb5 Rb3 49. Bc6 Kf8 50. d6 Rd3 51. Bb5 Rb3 52. Bc6 Rc3 53. Ba4 Rc5+ 54. Kd4 Ra5 55. Bc6 f6 56. Kc4 Kf7 57. Kb4 Ra1 58. Bd5+ Ke8 59. Bc6+ Kd8 60. Kb5 Rc1 61. Be4 f5 62. Bd3 Kd7 63. Bc4 Kxd6 64. Bf7 g5 65. Bg6 Ke5 0-1

[Event "December 12 Late 2023"]
[Site "https://www.chess.com"]
[Date "2023.12.12"]
[Round "3"]
[White "Manukyan, Sargis A."]
[Black "Bogaudinov, Rushan"]
[Result "1-0"]
[Board "67"]
[TimeControl "180+1"]
[WhiteFideId "13303970"]
[BlackFideId "4129288"]
[WhiteElo "2633"]
[BlackElo "2471"]
[WhiteTeam "ARM"]
[BlackTeam "RUS"]
[WhiteClock "0:01:36"]
[BlackClock "0:00:01"]

1. d4 d5 2. c4 e6 3. Nc3 Nf6 4. cxd5 exd5 5. Bg5 c6 6. e3 Nbd7 7. Bd3 Be7 8. Qc2 h6 9. Bf4 O-O 10. Nf3 b6 11. O-O Bb7 12. Rac1 Re8 13. Bf5 Nf8 14. Nb5 cxb5 15. Bc7 Rc8 16. Bxd8 Rxc2 17. Rxc2 Bxd8 18. Bc8 Ba8 19. Ba6 Ne6 20. Rc8 Be7 21. Rfc1 Nc5 22. Rxe8+ Nxe8 23. dxc5 bxc5 24. Bxb5 Nc7 25. Ba4 Kf8 26. b4 c4 27. a3 f6 28. Nd4 Bd6 29. Nb5 Nxb5 30. Bxb5 Ke7 31. e4 Be5 32. exd5 Bxd5 33. Bxc4 Be4 34. Re1 Bf5 35. f4 Kd6 36. fxe5+ 1-0

[Event "December 12 Late 2023"]
[Site "https://www.chess.com"]
[Date "2023.12.12"]
[Round "3"]
[White "Nadeev, Sergey"]
[Black "Dobrikov, Marco"]
[Result "0-1"]
[Board "68"]
[TimeControl "180+1"]
[WhiteFideId "4180038"]
[BlackFideId "12950378"]
[WhiteElo "2470"]
[BlackElo "2631"]
[WhiteTeam "RUS"]
[BlackTeam "GER"]
[WhiteClock "0:00:14"]
[BlackClock "0:01:30"]

1. e4 d5 2. exd5 Qxd5 3. Nc3 Qa5 4. d4 c6 5. Nf3 Bg4 6. h3 Bh5 7. g4 Bg6 8. Bg2 e6 9. Ne5 Nf6 10. O-O Nbd7 11. f4 h5 12. Nxg6 fxg6 13. g5 Nd5 14. Bd2 Qb6 15. Nxd5 exd5 16. Re1+ Kd8 17. c3 Kc7 18. f5 Bd6 19. fxg6 Rae8 20. b4 Kc8 21. Qf3 Ref8 22. Qd3 Qc7 23. b5 Nb6 24. bxc6 bxc6 25. Qa6+ Kd8 26. Rab1 Bh2+ 27. Kh1 Rf2 28. Re2 Rhf8 29. Rbe1 Qg3 0-1